 Dungeon Crawl Stone Soup version 0.21.1-1-g345015f (webtiles) character file.

383 shakethe the Chopper (level 6, -2/57 HPs)
             Began as a Naga Gladiator on Feb 14, 2018.
             Slain by a slave (8 damage)
             ... led by Pikel
             ... on level 3 of the Dungeon.
             The game lasted 00:14:10 (4358 turns).

shakethe the Chopper (Naga Gladiator)               Turns: 4358, Time: 00:14:10

Health: -2/57      AC:  8    Str: 16    XL:     6   Next: 76%
Magic:  6/6        EV: 10    Int:  8    God:
Gold:   209        SH:  0    Dex: 15    Spells: 5/5 levels left

rFire    . . .     SeeInvis +   a - +0 war axe
rCold    + . .     Gourm    .   (no shield)
rNeg     . . .     Faith    .   q - +2 leather armour {rC+}
rPois    +         Spirit   .   c - +0 helmet
rElec    .         Reflect  .   n - +0 cloak
rCorr    +         Harm     .   g - +0 pair of gloves (curse)
MR       .....                  (no barding)
Stlth    ++........             (no amulet)
HPRegen  0.19/turn              y - ring of resist corrosion
MPRegen  0.10/turn              (no ring)

@: drained, very slow
A: large, see invisible, deformed body, poison resistance, slowness 2, slow
metabolism 1, spit poison 1, AC +2
a: Spit Poison


You were on level 3 of the Dungeon.
You were very hungry.

You visited 1 branch of the dungeon, and saw 4 of its levels.

You collected 209 gold pieces.

Inventory:

Hand Weapons
 a - a +0 war axe (weapon)
 s - a +2 mace of holy wrath
   (You took it off an orc on level 3 of the Dungeon)
Missiles
 d - a throwing net (quivered) {=f, !d}
Armour
 c - a +0 helmet (worn)
 g - a cursed +0 pair of gloves (worn)
   (You found it on level 1 of the Dungeon)
 n - a +0 cloak (worn)
   (You found it on level 2 of the Dungeon)
 q - a +2 leather armour of cold resistance (worn)
   (You took it off an orc priest on level 3 of the Dungeon)
Jewellery
 r - an uncursed amulet of harm
   (You found it on level 3 of the Dungeon)
 y - a ring of resist corrosion (left hand)
   (You found it on level 4 of the Dungeon)
Scrolls
 h - 2 scrolls of enchant weapon {unknown}
 i - 2 scrolls of immolation {unknown}
 j - a scroll of identify {unknown}
 k - 3 scrolls of remove curse {unknown}
 l - 4 scrolls of teleportation {unknown}
 u - a scroll of random uselessness {unknown}
 v - a scroll of fog {unknown}
 w - a scroll of magic mapping {unknown}
Potions
 b - a potion of ambrosia {unknown}
 e - a potion of flight {unknown}
 m - a potion of cancellation {unknown}
 o - 2 potions of agility {unknown}
 p - 2 potions of heal wounds {unknown}
 t - a potion of lignification {unknown}
 x - a potion of curing {unknown}
Comestibles
 f - 8 rations


   Skills:
 + Level 3.8(3.1) Fighting
 * Level 5.5(4.9) Axes
 - Level 1.7(1.1) Throwing
 + Level 2.5(1.9) Dodging
 + Level 4.9(4.3) Stealth


You had 5 spell levels left.
You didn't know any spells.

Dungeon Overview and Level Annotations

Branches:
Dungeon (4/15)
 Temple: D:4-7

Altars:
Gozag


Innate Abilities, Weirdness & Mutations

You cannot wear boots.
Your serpentine skin is tough. (AC +2)
You have supernaturally acute eyesight. (SInv)
Armour fits poorly on your strangely shaped body.
Your system is resistant to poisons. (rPois)
You cover ground very slowly.
You have a slow metabolism.
You can spit poison.


Message History

Moving in this stuff is going to be slow.
There is a stone staircase leading down here.
The phantom is too close now for your liking.
You now have 209 gold pieces (gained 11).
A giant cockroach comes into view.
A giant cockroach is nearby!
An adder comes into view.
The adder hisses angrily.
A slave comes into view.
The adder closely misses you.
You closely miss the adder. The adder bites you.
You take 3 damage, and have 54/57 hp.
The slave shouts!
You hit the adder.
You hear a shout! x3
The adder bites you but does no damage. The adder barely misses you.
You completely miss the adder. The adder bites you.
You are poisoned.
The adder poisons you! The adder closely misses you.
A slave comes into view.
You take 4 damage, and have 50/57 hp.
You barely miss the adder.
You feel sick. The adder bites you but does no damage.
You take 1 damage, and have 49/57 hp.
You closely miss the adder.
You feel sick. The adder closely misses you.
The adder bites you but does no damage.
You take 1 damage, and have 48/57 hp.
You closely miss the adder. The adder bites you but does no damage.
The adder bites you.
You take 5 damage, and have 43/57 hp.
You hit the adder.
You hit the giant cockroach but do no damage.
You feel sick.
The giant cockroach bites you but does no damage.
The adder closely misses you.
You take 1 damage, and have 42/57 hp.
You hit the giant cockroach. You hit the adder.
The giant cockroach bites you but does no damage.
The adder barely misses you.
The giant cockroach bites you but does no damage.
The adder closely misses you.
You closely miss the giant cockroach. You completely miss the adder.
You feel sick. The giant cockroach closely misses you.
The adder bites you but does no damage. The giant cockroach bites you.
The adder bites you but does no damage.
A bullfrog skeleton comes into view.
You take 3 damage, and have 40/57 hp.
You slash the giant cockroach!
You kill the giant cockroach!
You miss the adder. The adder barely misses you.
You hit the adder but do no damage. You hit the slave.
You feel sick. The adder bites you. The slave barely misses you.
The adder barely misses you. The slave hits you but does no damage.
A slave comes into view.
You take 3 damage, and have 37/57 hp.
Okay, then.
You miss the adder. You barely miss the slave. You closely miss the slave.
The adder closely misses you.
The slave hits you but does no damage. x2
You barely miss the adder. You barely miss the slave. x2
The adder bites you but does no damage. The slave completely misses you.
The slave hits you but does no damage. The adder bites you but does no damage.
You completely miss the adder. You hit the slave. You closely miss the slave.
The adder bites you but does no damage. The slave hits you. x2
The adder bites you but does no damage.
You take 10 damage, and have 28/57 hp.
You feel sick. The slave hits you. The slave closely misses you.
The slave hits you.
You take 9 damage, and have 19/57 hp.
You feel sick. The slave misses you.
You take 1 damage, and have 19/57 hp.
The slave hits you but does no damage.
You feel sick.
You are no longer poisoned.
The slave closely misses you. The slave barely misses you. The slave hits you.
* * * LOW HITPOINT WARNING * * *
You take 3 damage, and have 17/57 hp.
The slave hits you but does no damage. The slave hits you.
* * * LOW HITPOINT WARNING * * *
You take 1 damage, and have 17/57 hp.
You are feeling very hungry.
The slave hits you but does no damage. The slave hits you!
* * * LOW HITPOINT WARNING * * *
You take 9 damage, and have 9/57 hp.
The slave closely misses you.
There is a stone staircase leading up here.
The slave closely misses you.
You climb upwards.
There is a stone staircase leading down here.
Aim: a slave, wearing an animal skin (lightly wounded)
You throw a throwing net {=f, !d}.
The throwing net {=f, !d} barely misses the slave.
The slave hits you.
* * * LOW HITPOINT WARNING * * *
You take 5 damage, and have 6/57 hp.
The slave hits you!
You die...

.##......##.#....(.###...........
.##......#..........##...........
.##......#..##......##...........
..#......#.......................
..##....##.###...................
..#....<.........................
..#######........................
..# #.......p>...............
..#######.......@#.)).#.....#....
............#....[.<[.'.....#....
..####...##...........#.....#....
....#....##...........##+####....
......................(...#......
.................##.......#......
.................##.......#......
........#........##.......##.....
........#........##.......##.....


You could see a slave.

Vanquished Creatures
  A howler monkey (D:3)
  2 orc priests (D:3)
  A bullfrog skeleton (D:2)
  An orc wizard (D:3)
  An iguana (D:4)
  A worker ant (D:4)
  6 adders
  3 oozes
  An adder skeleton (D:4)
  A worm (D:2)
  3 dart slugs
  3 leopard geckos
  11 orcs
  7 bats
  8 giant cockroaches
  7 goblins
  7 hobgoblins
  9 jackals
  7 kobolds
  A ball python (D:2)
  2 frilled lizards
  A jackal skeleton (D:4)
  6 rats
90 creatures vanquished.

Notes
Turn   | Place    | Note
-------+----------+-------------------------------------------
     0 | D:1      | shakethe the Naga Gladiator began the quest for the Orb.
     0 | D:1      | Reached XP level 1. HP: 19/19 MP: 1/1
   331 | D:1      | Reached skill level 1 in Stealth
   360 | D:1      | Reached XP level 2. HP: 26/26 MP: 2/2
   610 | D:1      | Reached XP level 3. HP: 15/33 MP: 3/3
  1250 | D:2      | HP: 6/33 [adder (4)]
  1255 | D:2      | HP: 3/33 [adder (4)]
  1258 | D:2      | Reached skill level 2 in Stealth
  1606 | D:2      | Found a faded altar of an unknown god.
  1643 | D:2      | Reached skill level 4 in Axes
  1643 | D:2      | Reached XP level 4. HP: 33/40 MP: 4/4
  1942 | D:2      | Reached skill level 3 in Stealth
  2221 | D:2      | Reached skill level 3 in Fighting
  2244 | D:2      | Found an opulent altar of Gozag.
  2481 | D:3      | Reached XP level 5. HP: 40/49 MP: 5/5
  2919 | D:3      | Reached skill level 4 in Stealth
  2920 | D:3      | Reached skill level 5 in Axes
  2920 | D:3      | Reached XP level 6. HP: 30/56 MP: 6/6
  2921 | D:3      | HP: 13/56 [orc/trident (5)]
  2924 | D:3      | HP: 2/56 [orc/trident (7)]
  4147 | D:4      | Noticed a phantom
  4314 | D:4      | Noticed a slave
  4318 | D:4      | Noticed a slave
  4326 | D:4      | Noticed a slave
  4350 | D:4      | HP: 9/57 [slave[Pikel] (9)]
  4357 | D:3      | HP: 6/57 [slave[Pikel] (5)]
  4358 | D:3      | Slain by a slave

Skill      XL: |  1  2  3  4  5 |
---------------+----------------+-----
Stealth        | 1 2 3 4 |  4.9
Axes           | 4 5 |  5.5
Fighting       | 3 |  3.8
Throwing       | |  1.7
Dodging        | |  2.5

Action                   |  1- 3 |  4- 6 || total
-------------------------+-------+-------++-------
Melee: War axe           |    75 |   154 ||   229
       Mace              |       |    18 ||    18
Throw: Throwing net      |     2 |     1 ||     3
 Abil: Spit Poison       |     3 |       ||     3
 Stab: Sleeping          |     2 |     5 ||     7
  Eat: Chunk             |     1 |     7 ||     8
Armor: Leather armour    |    44 |   104 ||   148
Dodge: Dodged            |    74 |   101 ||   175

Vault maps used:
D:1:      dpeg_arrival_pits, minmay_curled_crystal, serial_bayou_pond_d
D:2:      lemuel_doored_altar, chequers_ecumenical_altar_lobes
D:3:      first_ration
D:4:      gammafunk_temple_overflow_statue, kennysheep_boxes, uniq_pikel,
          uniq_sigmund

Table legend:
 A = Turns spent in this place as a percentage of turns spent in the entire game.
 B = Non-inter-level travel turns spent in this place as a percentage of non-inter-level travel turns spent in the entire game.
 C = Inter-level travel turns spent in this place as a percentage of turns spent in this place.
 D = Turns resting spent in this place as a percentage of non-inter-level travel turns spent in this place.
 E = Turns spent auto-exploring this place as a percentage of non-inter-level travel turns spent in this place.
 F = Non-inter-level travel turns spent in this place divided by the number of levels of this place that you've seen.
                   A       B       C       D       E      F
               +-------+-------+-------+-------+-------+----------------------
         Total | 100.0 | 100.0 |   0.0 |  28.6 |  36.1 | 1089.5
       Dungeon | 100.0 | 100.0 |   0.0 |  28.6 |  36.1 | 1089.5
               +-------+-------+-------+-------+-------+----------------------

Table legend:
 A = Kills in this place as a percentage of kills in entire the game.
 B = Kills by you in this place as a percentage of kills by you in the entire game.
 C = Kills by friends in this place as a percentage of kills by friends in the entire game.
 D = Other kills in this place as a percentage of other kills in the entire game.
 E = Experience gained in this place as a percentage of experience gained in the entire game.
 F = Experience gained in this place divided by the number of levels of this place that you have seen.
                   A       B       C       D       E      F
               +-------+-------+-------+-------+-------+----------------------
         Total | 100.0 | 100.0 |   N/A |   N/A | 100.0 | 137.0
       Dungeon | 100.0 | 100.0 |   N/A |   N/A | 100.0 | 137.0
               +-------+-------+-------+-------+-------+----------------------
